Map: [ESL] Inside and Out

Players

ForJumY

  • Race: Protoss Protoss
  • League: Grandmaster
  • Spawn Location: 7:00

Spirit (souL) - Winner!

  • Race: Terran Terran
  • League: Master
  • Spawn Location: 1:00

Event: HomeStory Cup XXII

VOD

Have the link to the VOD?

Description

Time

  • Played on: Dec. 15, 2022, 9:04 a.m.
  • Length: 6:36

All games in this series

Show
View Real Time Build Order
Export as new Build Order

ForJumY Protoss 

Build Orders: 1 Gate Expand 

Get SALT Encoding   

  12  0:00  Probe  
  13  0:12  Probe  
  14  0:17  Pylon  
  14  0:24  Probe  
  15  0:35  Gateway  
  15  0:36  Probe (Chrono Boost)  
  16  0:45  Probe (Chrono Boost)  
  16  0:46  Assimilator  
  17  0:50  Probe (Chrono Boost)  
  18  1:02  Probe  
  19  1:15  Probe  
  20  1:22  Cybernetics Core  
  20  1:34  Nexus  
  20  1:42  Pylon  
  20  1:44  Probe  
  21  1:52  Assimilator  
  21  1:56  Probe  
  21  1:59  Adept (Chrono Boost)  
  22  2:06  Warp Gate  
  24  2:08  Probe  
  24  2:19  Adept (Chrono Boost)  
  24  2:20  Probe  
  27  2:24  Twilight Council  
  27  2:32  Probe  
  28  2:41  Adept  
  30  2:48  Probe (Chrono Boost)  
  30  2:50  Probe (Chrono Boost)  
  32  2:56  Probe (Chrono Boost)  
  34  2:58  Probe (Chrono Boost)  
  34  3:01  Gateway  
  34  3:02  Probe  
  35  3:09  Robotics Facility, Probe  
  36  3:16  Probe  
  37  3:21  Charge (Chrono Boost)  
  37  3:24  Gateway  
  37  3:28  Gateway  
  37  3:30  Probe  
  37  3:32  Probe  
  39  3:37  Pylon  
  39  3:43  Probe  
  39  3:44  Probe  
  41  3:53  Warp Prism (Chrono Boost)  
  41  3:54  Stalker  
  41  3:55  Probe  
  44  4:00  Stalker  
  48  4:12  Pylon  
  46  4:17  Stalker  
  46  4:18  Probe  
  46  4:19  Stalker  
  40  4:24  Stalker  
  24  4:47  Zealot x4  
  28  5:20  Zealot x4  
  36  5:42  Zealot x2  
  28  5:47  Zealot  
  24  6:11  Zealot x3  
  24  6:13  Zealot  
Show
View Real Time Build Order
Export as new Build Order

Spirit Terran - Winner!

Build Orders: Hellion Opening 

Get SALT Encoding   

  12  0:00  SCV  
  13  0:12  SCV  
  14  0:17  Supply Depot  
  14  0:24  SCV  
  15  0:39  SCV  
  15  0:40  Barracks  
  16  0:43  Refinery  
  16  0:51  SCV  
  17  1:03  SCV  
  18  1:15  SCV  
  19  1:27  Orbital Command, Marine  
  20  1:51  Command Center  
  20  1:54  Factory  
  20  1:58  SCV  
  21  2:04  Supply Depot  
  21  2:06  Barracks Reactor  
  21  2:12  SCV  
  22  2:20  Bunker  
  22  2:24  SCV  
  23  2:36  SCV  
  24  2:40  Starport  
  24  2:46  Hellion x2  
  24  2:48  SCV  
  24  2:50  Marine  
  29  3:00  SCV  
  30  3:08  Hellion x2, Marine  
  30  3:12  Orbital Command  
  35  3:18  Medivac  
  37  3:20  SCV  
  37  3:26  Marine  
  39  3:30  Hellion  
  39  3:32  Hellion  
  39  3:34  SCV  
  44  3:39  SCV  
  44  3:40  Supply Depot  
  45  3:45  Refinery  
  45  3:46  SCV  
  46  3:55  Supply Depot  
  46  4:00  Barracks  
  46  4:02  SCV x2, Marine x2  
  50  4:07  Factory Tech Lab  
  50  4:14  SCV x2  
  49  4:19  Marine x2  
  49  4:27  SCV  
  49  4:30  Siege Tank  
  51  4:31  SCV  
  51  4:33  Bunker  
  51  4:37  Marine x2  
  50  4:39  SCV  
  47  4:46  SCV  
  47  4:51  SCV, Starport Tech Lab  
  47  4:52  Marine  
  46  4:55  Viking, Marine x2  
  46  4:58  SCV  
  48  5:03  Cyclone, SCV  
  48  5:10  SCV, Marine  
  48  5:13  Marine x2  
  52  5:15  Barracks  
  52  5:17  SCV  
  53  5:22  SCV  
  53  5:25  Viking  
  53  5:28  Marine  
  56  5:29  SCV  
  56  5:31  Marine  
  56  5:34  SCV  
  60  5:38  Siege Tank  
  60  5:41  SCV, Marine  
  50  5:46  SCV, Marine  
  50  5:48  Marine  
  51  5:54  SCV  
  50  5:59  SCV, Marine  
  53  6:06  SCV, Marine  
  53  6:11  SCV  
  54  6:17  Barracks Tech Lab, Marine  
  54  6:18  SCV  
  55  6:21  Refinery  
  55  6:23  SCV, Refinery  
Tags
 
Add a new tag
Caveats
  • Supply blocks, unpowered buildings, or Contaminate may cause inaccurate times.
  • Supply counts are checked every 10 seconds.